 Dungeon Crawl Stone Soup version 0.18.1-8-gdd0e5ea (webtiles) character file.

175 Dickchan the Ruffian (level 5, -4/34 HPs)
             Began as a Gargoyle Monk on June 2, 2016.
             Slain by an orc
             ... wielding a +0 trident
              (6 damage)
             ... on level 3 of the Dungeon.
             The game lasted 00:04:56 (3264 turns).

Dickchan the Ruffian (Gargoyle Monk)                Turns: 3264, Time: 00:04:57

Health: -4/34      AC:  7    Str: 15    XL:     5   Next: 55%
Magic:  5/5        EV: 13    Int: 11    God:
Gold:   41         SH:  0    Dex: 12    Spells: 0 memorised, 4 levels left

rFire  . . .     SeeInvis .       - Unarmed
rCold  . . .     Gourm    .     a - +0 robe
rNeg   + . .     Faith    .     (no shield)
rPois  ∞         Spirit   .     p - +0 helmet
rElec  +         Dismiss  .     (no cloak)
rCorr  .         Reflect  .     (no gloves)
SustAt .         Harm     .     (no boots)
MR     .....                    (no amulet)
Stlth  ++........               (no ring)
                                (no ring)

@: not resistant to hostile enchantments, unstealthy
A: negative energy resistance 1, electricity resistance, unbreathing,
petrification resistance, rot immunity, AC +4
a: no special abilities


You were on level 3 of the Dungeon.
You were near starving.

You visited 1 branch of the dungeon, and saw 3 of its levels.

You collected 41 gold pieces.

Inventory:

Armour
 a - a +0 robe (worn)
 p - a +0 helmet (worn)
Jewellery
 i - an uncursed ring of see invisible {unknown}
Scrolls
 e - a scroll of random uselessness {unknown}
 g - a scroll of noise {unknown}
 h - a scroll of remove curse {unknown}
 m - a scroll of teleportation {unknown}
Potions
 c - 2 potions of lignification {unknown}
 j - 2 potions of curing {unknown}
 k - a potion of magic {unknown}
 l - a potion of degeneration {unknown}
 o - a potion of haste {unknown}
Comestibles
 b - a bread ration
 d - 7 fruits
 f - a royal jelly
 n - 3 beef jerkies


   Skills:
 + Level 4.6 Fighting
 + Level 3.3 Dodging
 - Level 2.1 Stealth
 + Level 5.1 Unarmed Combat


You had 4 spell levels left.
You didn't know any spells.

Dungeon Overview and Level Annotations

Branches:
Dungeon (3/15)

Altars:
Vehumet


Innate Abilities, Weirdness & Mutations

You are resistant to torment.
Your stone body is resilient (AC +4).
You are immune to poison.
You resist negative energy.
You are resistant to electric shocks.
You can survive without breathing.
You are immune to petrification.
You are immune to rotting.


Message History

You kill the orc!
The orc priest calls down the wrath of Beogh upon you.
Beogh smites you! The orc closely misses you.
The orc priest invokes the aid of Beogh against you.
Beogh smites you!
* * * LOW HITPOINT WARNING * * *
Things that are here:
a dagger; an orc corpse You are too injured to fight recklessly!
You are too injured to fight recklessly!
You are too injured to fight recklessly!
You are too injured to fight recklessly!
You are too injured to fight recklessly!
You hit the orc.
The orc is severely wounded.
The orc misses you.
You hit the orc but do no damage.
The orc is severely wounded.
The orc hits you with a trident.
You die...

#.<.......
#.########
#.######## ##
#......... ###.
#..#######
.....#..#
####..#..#######
...............>
##...#@########
.....#o# #...


#oo .... s.## #.. #.# #.# ... ..# You could see an orc priest, 2 orcs and a
giant cockroach.

Vanquished Creatures
  Ijyb (D:2)
  Robin (D:2)
  4 gnolls
  3 oozes (D:1)
  2 worms (D:2)
  A dart slug (D:1)
  6 giant geckos
  An orc (D:3)
  5 giant cockroaches
  11 goblins
  9 hobgoblins
  5 jackals (D:1)
  2 quokkas (D:2)
  3 ball pythons
  6 bats
  2 giant newts (D:1)
  5 kobolds
  5 rats
72 creatures vanquished.

Vanquished Creatures (others)
  A goblin (D:2)
1 creature vanquished.

Grand Total: 73 creatures vanquished

Notes
Turn   | Place    | Note
--------------------------------------------------------------
     0 | D:1      | Dickchan the Gargoyle Monk began the quest for the Orb.
     0 | D:1      | Reached XP level 1. HP: 14/14 MP: 1/1
    79 | D:1      | Reached XP level 2. HP: 16/19 MP: 2/2
   162 | D:1      | Reached XP level 3. HP: 3/23 MP: 3/3
  1363 | D:2      | Reached XP level 4. HP: 28/29 MP: 4/4
  1541 | D:2      | Found a faded altar to an unknown god.
  1578 | D:2      | Noticed Ijyb
  1604 | D:2      | Killed Ijyb
  1965 | D:2      | Found a radiant altar of Vehumet.
  2153 | D:2      | Noticed Robin
  2159 | D:2      | Reached XP level 5. HP: 30/34 MP: 5/5
  2463 | D:2      | Reached skill level 5 in Unarmed Combat
  2488 | D:2      | Killed Robin
  3264 | D:3      | Slain by an orc

Skill      XL: |  1  2  3  4  5 |
---------------+----------------+-----
Fighting       | 4 |  4.6
Dodging        | 3 |  3.3
Unarmed Combat | 5 |  5.1
Stealth        | |  2.1

Action                   |  1- 3 |  4- 6 || total
-------------------------+-------+-------++-------
Melee: Unarmed           |   129 |   192 ||   321
       Punch             |     2 |     2 ||     4
 Stab: Sleeping          |     2 |     1 ||     3
  Eat: Chunk             |     1 |     5 ||     6
Armor: Robe              |    36 |    48 ||    84
Dodge: Dodged            |    84 |   125 ||   209
